 Dungeon Crawl Stone Soup version 0.30-a0-1157-g2cc9ac7196 (webtiles) character file.

Game seed: 6050926503244908190

35036 cforsyth the Summoner (level 13, -36/111 HPs)
             Began as a Demigod Summoner on Apr 25, 2023.
             Killed from afar by an ice dragon (65 damage)
             ... with a blast of cold
             ... in an ice cave.
             The game lasted 00:47:01 (19930 turns).

cforsyth the Summoner (Demigod Summoner)           Turns: 19930, Time: 00:47:02

Health: -36/111    AC:  9    Str: 13    XL:     13   Next: 15%
Magic:  27/32      EV: 21    Int: 33    God:
Gold:   931        SH:  5    Dex: 14    Spells: 15/33 levels left

rFire   + . .        E - +3 dagger "Xebaobej" {heavy, Int+4}
rCold   . . .        D - +0 buckler
rNeg    . . .        g - +1 robe {Will+}
rPois   .            a - +1 helmet
rElec   .            i - +1 cloak
rCorr   .            C - +0 pair of gloves
SInv    .            B - +0 pair of boots
Will    ++...        t - amulet of magic regeneration
Stlth   ++           v - ring of protection from fire
HPRegen 0.38/turn    Q - +5 ring of evasion
MPRegen 0.63/turn

%: no passive effects
@: no status effects
A: high MP 1, forlorn, divine attributes
a: no special abilities


You were in an ice cave.
You visited 2 branches of the dungeon, and saw 14 of its levels.
You also visited: Sewer, Ossuary, Bailey, Ice Cave and Volcano.

You collected 931 gold pieces.

Inventory:

Hand Weapons
 x - the +5 scimitar of Foisoh {elec, +Blink rCorr Dex-4 Stlth+}
   (You found it on level 6 of the Dungeon)

   Dex:       It affects your dexterity (-4).
   +Blink:    It lets you blink.
   rCorr:     It protects you from acid and corrosion.
   Stlth:     It makes you more stealthy.
 E - the +3 dagger "Xebaobej" (weapon) {heavy, Int+4}
   (You took it off an orc wizard on level 4 of the Dungeon)

   Int:       It affects your intelligence (+4).
Armour
 a - a +1 helmet (worn)
 g - a +1 robe of willpower (worn)
 i - a +1 cloak (worn)
 B - a +0 pair of boots (worn)
 C - a +0 pair of gloves (worn)
 D - a +0 buckler (worn)
 P - +0 fire dragon scales
Jewellery
 l - a ring of positive energy
 t - an amulet of magic regeneration (around neck)
 v - a ring of protection from fire (left hand)
 y - a ring of protection from fire
 Q - a +5 ring of evasion (right hand)
Wands
 p - a wand of charming (7)
 w - a wand of flame (56)
 F - a wand of iceblast (14)
 M - a wand of light (7)
 R - a wand of polymorph (4)
Scrolls
 d - 3 scrolls of fog
 e - 4 scrolls of amnesia
 h - 5 scrolls of fear
 j - 10 scrolls of teleportation
 q - 3 scrolls of enchant weapon
 z - 3 scrolls of blinking
 G - 3 scrolls of brand weapon
 H - a scroll of enchant armour
 I - a scroll of butterflies
 N - a scroll of vulnerability
Potions
 b - 2 potions of magic
 c - 13 potions of curing
 f - 4 potions of haste
 k - 8 potions of heal wounds
 m - a potion of berserk rage
 n - 4 potions of flight
 o - 4 potions of brilliance
 r - 2 potions of lignification
 s - 6 potions of mutation
 u - 2 potions of invisibility
 A - 3 potions of might
 J - a potion of ambrosia
 K - 10 potions of attraction
 O - a potion of resistance {unknown}


   Skills:
 + Level 9.3 Fighting
 + Level 9.5 Dodging
 - Level 1.7 Stealth
 - Level 5.0 Shields
 - Level 10.6 Spellcasting
 - Level 12.0 Summonings


You had 15 spell levels left.
You knew the following spells:

 Your Spells              Type           Power      Damage    Failure   Level
a - Summon Small Mammal   Summ           100%       N/A       1%          1
b - Call Imp              Summ           100%       N/A       1%          2
c - Call Canine Familiar  Summ           77%        N/A       1%          3
d - Summon Guardian Gole  Hex/Summ       55%        N/A       1%          3
e - Summon Lightning Spi  Summ/Air       55%        N/A       3%          4
h - Summon Mana Viper     Hex/Summ       55%        N/A       9%          5

Your spell library contained the following spells:

 Spells                   Type           Power      Damage    Failure   Level
 Apportation              Tloc           34%        N/A       3%          1
 Freeze                   Ice            68%        1d8       3%          1
 Kiss of Death            Conj/Necr      68%        2d10      3%          1
 Summon Ice Beast         Ice/Summ       55%        N/A       3%          4
 Blink                    Tloc           34%        N/A       5%          2
 Cigotuvi's Dreadful Rot  Necr/Pois/Air  34%        N/A       5%          2
 Static Discharge         Conj/Air       34%        2-4/arc   5%          2
 Confusing Touch          Hex            17%        N/A       11%         3
 Frozen Ramparts          Ice            34%        1d6       11%         3
 Hailstorm                Conj/Ice       17%        3d6       11%         3
 Ignite Poison            Fire/Tmut/Pois 17%        N/A       11%         3
 Monstrous Menagerie      Summ           38%        N/A       22%         7
 Airstrike                Air            8%         2d(2-18)  34%         4
 Dispel Undead            Necr           17%        3d10      34%         4
 Ice Form                 Ice/Tmut       17%        N/A       34%         4
 Leda's Liquefaction      Hex/Erth       8%         N/A       34%         4
 Manifold Assault         Tloc           17%        N/A       34%         4
 Alistair's Intoxication  Tmut/Pois      11%        N/A       69%         5
 Freezing Cloud           Conj/Ice/Air   8%         6-21      69%         5
 Lee's Rapid Deconstruct  Erth           8%         3d7*      69%         5
 Statue Form              Tmut/Erth      11%        N/A       99%         6
 Storm Form               Tmut/Air       8%         N/A       100%        7


Dungeon Overview and Level Annotations

Branches:
Dungeon (12/15)            Temple (0/1) D:6            Lair (2/5) D:8
    Orc (0/2) D:9           Sewer (visited)         Ossuary (visited)
 Bailey (visited)           IceCv (1/1)             Volcano (visited)
  Swamp: Lair:2-3    Shoals: Lair:2-3     Snake: Lair:2-3    Spider: Lair:2-3

Shops:
D:5 *   D:7 (   D:10 ?

Portals:
Trove: D:10 (give 11 potions of heal wounds)

Annotations:
D:6 3 runed translucent doors, hwolsky's ghost, novice MiFi
Lair:2 exclusion: oklob plant


Innate Abilities, Weirdness & Mutations

You have an increased reservoir of magic. (+10% MP)
You shall have no god before yourself.
Your divine heritage dramatically boosts your attributes as you level up.


Message History

* * * LOW HITPOINT WARNING * * *
Your guardian golem explodes!
The fiery explosion engulfs the ice dragon!!!
The ice dragon is burned terribly!
The rime drake hisses angrily.
The ice dragon is engulfed in blazing flames.
Unknown command.
Casting: Summon Lightning Spire (mildly dangerous; 3% risk of failure)
Confirm with . or Enter, or press ? or * to list all spells.
A guardian golem appears, shielding your allies.
Something bites your guardian golem! Something claws your guardian golem.
Something tramples your guardian golem but does no damage.
Unknown command.
The ice dragon breathes frost at you.
The blast of cold hits your guardian golem!
Your guardian golem resists.
The blast of cold misses you.
The ice dragon bites your guardian golem but does no damage.
The ice dragon claws your guardian golem but does no damage.
The ice dragon tramples your guardian golem.
Your guardian golem holds its ground!
Casting: Summon Guardian Golem (safe; 1% risk of failure)
Confirm with . or Enter, or press ? or * to list all spells.
The ice dragon bites your guardian golem!
The ice dragon claws your guardian golem!
The ice dragon tramples your guardian golem but does no damage.
Your guardian golem overheats!
Casting: Call Canine Familiar (safe; 1% risk of failure)
Confirm with . or Enter, or press ? or * to list all spells.
An electric hum fills the air.
The ice dragon barely misses your guardian golem.
The ice dragon claws your guardian golem.
Flame seeps out of your guardian golem.
The ice dragon tramples your guardian golem.
Flame seeps out of your guardian golem.
Your guardian golem stumbles backwards!
The ice dragon is engulfed in blazing flames.
The ice dragon breathes frost at you. The blast of cold hits your warg!!!
The blast of cold hits you!!!
Ouch! That really hurt!
You die...

#ZZ.§.§####
..k#kD§...## ..
##.##...# k
###..#####
#.##.D9# #.D..#h##
##.###..## ###
##..####
##..@.####
##..8...###
######...##
###..## ##..###
###....###
###........##
###...........##
##..............##


You could see an ice dragon (catching breath, ally target), a friendly warg
(summoned, sheltered) and a friendly lightning spire (summoned).

Vanquished Creatures
  A water moccasin (D:8)
  A phantom (D:7)
  A wight (D:9)
  An orc wizard (D:11)
  2 mummies (Ossuary)
  A dart slug (D:1)
  3 orcs
  2 hobgoblins
  A bat (D:1)
  A frilled lizard (D:1)
  2 goblins
  3 rats (D:8)
19 creatures vanquished.

Vanquished Creatures (collateral kills)
  An orc warlord (Bailey)
  A red draconian (Volcano)
  An ogre mage (Volcano)
  A catoblepas (Lair:1)
  4 two-headed ogres
  A death yak (Lair:1)
  A manticore (D:12)
  An orc knight (Bailey)
  A cyclops (D:12)
  A black mamba (Lair:1)
  2 ice statues (IceCv)
  5 cane toads (Lair:1)
  A rime drake (IceCv)
  An unseen horror (D:11)
  2 kobold demonologists (D:12)
  2 trolls
  A hornet (D:11)
  2 slime creatures (D:12)
  A shadow (D:10)
  2 wraiths
  12 yaks
  A wyvern (D:9)
  A steam dragon (D:9)
  2 acid dragons
  An acid dragon (shapeshifter) (D:10)
  7 water moccasins
  3 orc warriors
  3 black bears
  An ice beast (D:5)
  An ogre (D:7)
  3 centaurs
  A phantom (D:6)
  6 kobold brigands
  A gnoll sergeant (D:5)
  7 bullfrogs
  2 scorpions
  5 wights (D:9)
  A lindwurm simulacrum (IceCv)
  2 howler monkeys (D:7)
  A nameless horror (D:10)
  3 jellies
  A hound (D:5)
  4 orc priests
  A gnoll bouda (D:8)
  A sleepcap (D:6)
  An iguana (D:6)
  10 orc wizards
  12 mummies (Ossuary)
  3 acid dragon simulacra (IceCv)
  7 adders
  6 gnolls
  2 river rats (Sewer)
  A shadow imp (D:5)
  2 white imps (D:8)
  2 ufetubi
  3 steam dragon simulacra (IceCv)
  An adder skeleton (D:2)
  4 worms
  39 orcs
  3 bats
  3 endoplasms
  2 giant cockroaches
  21 goblins
  15 hobgoblins
  3 jackals (D:4)
  24 kobolds
  3 quokkas
  13 ball pythons
  2 ball python zombies (D:2)
  7 frilled lizards
  2 giant cockroach zombies (D:2)
  2 gnoll skeletons (Ossuary)
  3 goblin skeletons (Ossuary)
  A jackal zombie (D:2)
  2 kobold skeletons (Ossuary)
  An orc skeleton (Ossuary)
  17 rats
  11 rat skeletons (Ossuary)
331 creatures vanquished.

Vanquished Creatures (others)
  3 two-headed ogres (Volcano)
  3 death yaks (Lair:1)
  An orc knight (Bailey)
  An ugly thing (D:12)
  2 manticores (D:11)
  A cane toad (Lair:1)
  2 gargoyles
  A komodo dragon (D:8)
  An ice devil (Lair:2)
  2 trolls
  4 slime creatures (D:12)
  3 yaks
  A wraith (D:11)
  6 orc warriors
  A centaur (D:6)
  A kobold brigand (D:12)
  A bullfrog (Lair:1)
  A wight (D:9)
  A lindwurm simulacrum (IceCv)
  3 howler monkeys (D:7)
  A komodo dragon simulacrum (IceCv)
  An orc priest (D:7)
  3 acid dragon simulacra (IceCv)
  5 gnolls
  A goblin (Bailey)
  3 hobgoblins (Bailey)
  A kobold (D:12)
  2 bushes (Lair:1)
  22 fungi
  25 plants
  A withered plant (D:2)
104 creatures vanquished.

Grand Total: 454 creatures vanquished

Notes
Turn   | Place    | Note
-------+----------+-------------------------------------------
     0 | D:1      | cforsyth the Demigod Summoner began the quest for the Orb.
     0 | D:1      | Reached XP level 1. HP: 14/14 MP: 5/5
   355 | D:1      | Reached XP level 2. HP: 17/20 MP: 4/7
   360 | D:1      | Learned a level 2 spell: Call Imp
   578 | D:1      | Reached skill level 4 in Summonings
  1123 | D:2      | Learned a level 1 spell: Kiss of Death
  1328 | D:2      | Reached XP level 3. HP: 26/26 MP: 6/9
  1332 | D:2      | Learned a level 3 spell: Call Canine Familiar
  3400 | D:4      | Reached XP level 4. HP: 29/33 MP: 7/11
  3559 | D:4      | Identified the +3 dagger "Xebaobej" {heavy, Int+4}
  4666 | D:5      | Entered Level 5 of the Dungeon
  4742 | D:5      | Reached skill level 5 in Summonings
  4742 | D:5      | Reached XP level 5. HP: 38/38 MP: 5/13
  4778 | D:5      | Found Junwewu's Neck Hole.
  4843 | D:5      | Found a glowing drain.
  4880 | Sewer    | Entered a sewer
  4886 | Sewer    | Learned a level 3 spell: Summon Guardian Golem
  5957 | D:5      | Reached XP level 6. HP: 45/45 MP: 7/15
  6360 | D:5      | Reached skill level 6 in Summonings
  6485 | D:5      | Reached XP level 7. HP: 11/50 MP: 4/17
  6931 | D:5      | Reached skill level 5 in Spellcasting
  7235 | D:6      | Found a staircase to the Ecumenical Temple.
  7254 | D:6      | Reached skill level 7 in Summonings
  7314 | D:6      | Identified the +5 scimitar of Foisoh {elec, +Blink rCorr
                  | Dex-4 Stlth+}
  7346 | D:6      | Found a runed translucent gate.
  7346 | D:6      | Found a runed translucent gate.
  7346 | D:6      | Found a runed translucent gate.
  7347 | D:6      | Noticed a manticore
  7348 | D:6      | Noticed hwolsky's ghost (novice MiFi)
  7866 | D:6      | Learned a level 4 spell: Summon Lightning Spire
  8198 | D:7      | Reached XP level 8. HP: 57/57 MP: 9/20
  8216 | D:7      | Reached skill level 8 in Summonings
  8352 | D:7      | Found a flagged portal.
  8374 | Bailey   | Entered a bailey
  8453 | Bailey   | Reached XP level 9. HP: 52/62 MP: 20/24
  8463 | Bailey   | Reached skill level 9 in Summonings
  8538 | Bailey   | Noticed an orc knight
  8539 | Bailey   | Noticed an orc warlord
  8562 | Bailey   | Noticed an orc knight
  8564 | Bailey   | Killed an orc warlord
  8569 | Bailey   | Killed an orc knight
  8570 | Bailey   | Reached skill level 10 in Summonings
  8573 | Bailey   | Killed an orc knight
  8871 | D:7      | Found a sand-covered staircase.
  8881 | Ossuary  | Entered an ossuary
  9295 | Ossuary  | Reached XP level 10. HP: 39/69 MP: 27/27
  9487 | D:7      | Found Luzefunn's Antique Weapon Boutique.
 10144 | D:8      | Found a staircase to the Lair.
 10156 | D:8      | Reached skill level 1 in Shields
 10460 | D:8      | Noticed a moth of wrath
 10956 | D:9      | Reached skill level 11 in Summonings
 11180 | D:9      | Found a staircase to the Orcish Mines.
 11920 | D:10     | Entered Level 10 of the Dungeon
 11921 | D:10     | Reached skill level 5 in Fighting
 11921 | D:10     | Reached skill level 5 in Dodging
 11921 | D:10     | Reached XP level 11. HP: 88/88 MP: 29/29
 11949 | D:10     | Reached skill level 10 in Spellcasting
 12436 | D:10     | Found Ajaligh's Magic Scroll Shoppe.
 12753 | D:10     | Found a portal to a secret trove of treasure.
 13899 | D:11     | Reached skill level 5 in Shields
 13919 | D:11     | Reached XP level 12. HP: 86/94 MP: 31/31
 14818 | D:12     | Reached skill level 12 in Summonings
 15304 | D:12     | Learned a level 5 spell: Summon Mana Viper
 16233 | Lair:1   | Entered Level 1 of the Lair of Beasts
 16316 | Lair:1   | Found a dark tunnel.
 16331 | Volcano  | Entered a volcano
 16347 | Volcano  | Noticed an ogre mage
 16405 | Volcano  | Killed an ogre mage
 16473 | Volcano  | Noticed a red draconian
 16504 | Volcano  | Killed a red draconian
 16976 | Lair:1   | Noticed a catoblepas
 16992 | Lair:1   | Killed a catoblepas
 17256 | Lair:1   | Reached XP level 13. HP: 97/110 MP: 24/32
 17666 | Lair:2   | Found a frozen archway.
 17694 | IceCv    | Entered an ice cave
 18086 | IceCv    | HP: 4/111 [ice statue/bolt of cold (29)]
 19930 | IceCv    | Killed from afar by an ice dragon

Illustrated notes

Levels and vault maps discovered:
D:1:      minmay_arrival_pointy, layout_basic
D:2:      layout_loops_ring, serial_undead, serial_undead_a, serial_undead_e,
          serial_undead_a, serial_undead_c
D:3:      layout_basic, kennysheep_generic_room_11
D:4:      layout_basic, serial_rivers, chequers_serial_rivers_room_b,
          chequers_serial_rivers_small_b, chequers_serial_rivers_micro_b,
          chequers_serial_rivers_micro_c, chequers_serial_rivers_large_a
D:5:      layout_gridville, cheibrodos_sewer_entry_bend,
          nicolae_shop_sticking_my_neck_out
D:6:      layout_layer_cave, minmay_temple_entry_sparse_star,
          ebering_ghost_gozag
D:7:      layout_cave_pools, enter_ossuary_3, serial_shops,
          nicolae_shop_back_alley_shop, enter_bailey_5
D:8:      layout_basic, mainiacjoe_overflow_alcove_2, tgw_trog,
          due_lair_maze_entry_diamond, minmay_misc_feat_iff
D:9:      layout_rooms, nicolae_overflow_crystal_walls,
          overflow_temple_1_default, hiddenorc1_lemuel
D:10:     layout_layer_cave, nicolae_trove_entry_crossroad, serial_shops,
          nicolae_shop_tiny_waterfront
D:11:     layout_loops_ring, elyvilon_altar_5
D:12:     layout_irregular_city, serial_bayou_crossing
Lair:1:   layout_concentric_octagons, nicolae_volcano_entry_s_turn,
          beast_lair_carwin_4
Lair:2:   layout_cave_pods, spider_nest_entry_web_field,
          portal_ice_cave_demonic_guard, minivault_19, lemuel_oklob_altar,
          uniq_nergalle, uniq_amaemon
IceCv:    ice_cave_small_dragons

Skill      XL: |  1  2  3  4  5  6  7  8  9 10 11 12 13 |
---------------+----------------------------------------+-----
Spellcasting   | 2 3 4 6 7 9 10 | 10.6
Summonings     | 4 5 6 7 8 10 11 12 | 12.0
Shields        | 3 5 |  5.0
Fighting       | 5 8 9 |  9.3
Dodging        | 5 9 |  9.5
Stealth        | |  1.7

Action                     |  1- 3 |  4- 6 |  7- 9 | 10-12 | 13-15 || total
---------------------------+-------+-------+-------+-------+-------++-------
  Melee: Unarmed           |    65 |    25 |     7 |       |       ||    97
         Dagger            |       |       |    19 |    38 |    21 ||    78
         Punch             |       |       |     1 |       |       ||     1
   Cast: Summon Small Mamm |    61 |    56 |    27 |    43 |     5 ||   192
         Call Imp          |    20 |    25 |    14 |    43 |     6 ||   108
         Call Canine Famil |    17 |    31 |    19 |    44 |    18 ||   129
         Summon Guardian G |       |     1 |    16 |    52 |    13 ||    82
         Summon Lightning  |       |       |     4 |    42 |    10 ||    56
         Summon Mana Viper |       |       |       |     4 |     5 ||     9
  Evoke: Wand              |       |     2 |       |       |       ||     2
    Use: Scroll            |       |    16 |     1 |    11 |       ||    28
         Potion            |       |       |       |     1 |     5 ||     6
   Stab: Distracted        |     2 |       |       |       |     1 ||     3
         Betrayed ally     |       |       |       |       |     1 ||     1
 Armour: Robe              |    39 |    17 |    16 |    16 |    10 ||    98
  Dodge: Dodged            |    88 |    32 |    32 |    58 |    53 ||   263
  Block: Buckler           |       |       |       |     9 |    24 ||    33

Table legend: (Time is in decaauts)
 A = Elapsed time spent in this place.
 B = Non-inter-level travel time spent in this place.
 C = Inter-level travel time spent in this place.
 D = Time resting spent in this place.
 E = Time spent auto-exploring this place.
 F = Levels seen in this place.
 G = Mean time per level.
                   A        B        C        D        E       F      G
               +--------+--------+--------+--------+--------+-----+--------+
         Total |  20042 |  19279 |    763 |   3928 |  10526 |  19 | 1054.8 |
       Dungeon |  14573 |  13844 |    729 |   1839 |   9063 |  12 | 1214.4 |
          Lair |   1064 |   1030 |     34 |      0 |    665 |   2 |  532.0 |
         Sewer |    934 |    934 |      0 |    130 |    482 |   1 |  934.0 |
       Ossuary |    546 |    546 |      0 |      0 |    211 |   1 |  546.0 |
        Bailey |    280 |    280 |      0 |      0 |      0 |   1 |  280.0 |
      Ice Cave |   2247 |   2247 |      0 |   1859 |     76 |   1 | 2247.0 |
       Volcano |    394 |    394 |      0 |    100 |     28 |   1 |  394.0 |
               +--------+--------+--------+--------+--------+-----+--------+

Top non-repeatable levels by time:
   IceCv: 2247 daAuts
     D:5: 1483 daAuts
     D:4: 1481 daAuts
    D:12: 1418 daAuts
    D:11: 1390 daAuts
    D:10: 1390 daAuts
     D:9: 1355 daAuts
     D:2: 1176 daAuts
     D:1: 1098 daAuts
     D:6: 1064 daAuts
     D:3: 985 daAuts
  Lair:1: 972 daAuts
   Sewer: 934 daAuts
     D:8: 904 daAuts
     D:7: 825 daAuts
